 Dungeon Crawl Stone Soup version 0.17.1-3-g152610e (webtiles) character file.

543 Urist the Chopper (level 7, 0/60 HPs)
             Began as a Hill Orc Fighter on Apr 6, 2016.
             Slain by attackplan's ghost (2 damage)
             ... on level 3 of the Dungeon.
             The game lasted 00:08:03 (2393 turns).

Urist the Chopper (Hill Orc Fighter)                Turns: 2393, Time: 00:08:03

Health: 0/60       AC:  9    Str: 21    XL:     7   Next: 27%
Magic:  7/7        EV: 11    Int:  8    God:
Gold:   73         SH: 10    Dex: 10    Spells: 0 memorised, 6 levels left

rFire  . . .     SeeInvis .     a - +1 war axe
rCold  . . .     Clarity  .     b - +0 scale mail
rNeg   . . .     SustAt   .     c - +0 shield
rPois  .         Gourm    .     (no helmet)
rElec  .         Spirit   .     n - +1 cloak {MR+}
rCorr  .         Warding  .     (no gloves)
rMut   .         Stasis   .     (no boots)
MR     +....                    (no amulet)
Stlth  ..........               (no ring)
                                l - +3 ring of evasion

@: somewhat resistant to hostile enchantments, extremely unstealthy
A: no striking features
a: no special abilities


You were on level 3 of the Dungeon.
You were hungry.

You visited 1 branch of the dungeon, and saw 3 of its levels.

You collected 73 gold pieces.

Inventory:

Hand Weapons
 a - a +1 war axe (weapon)
Armour
 b - a +0 scale mail (worn)
 c - a +0 shield (worn)
 h - a +0 cloak
 n - a +1 cloak of magic resistance (worn)
Jewellery
 l - a +3 ring of evasion (left hand)
Scrolls
 k - a scroll of identify
Potions
 d - 5 potions of curing
 j - a potion of magic {unknown}
 m - a potion of lignification {unknown}
Miscellaneous
 g - a plain deck of defence
Comestibles
 e - 3 bread rations
 f - 4 meat rations


   Skills:
 + Level 4.9 Fighting
 + Level 5.4 Axes
 + Level 4.5 Armour
 + Level 2.5 Dodging
 + Level 0.6 Stealth
 + Level 5.2 Shields


You had 6 spell levels left.
You didn't know any spells.

Dungeon Overview and Level Annotations

Branches:
Dungeon (3/15)

Altars:

Annotations:
D:3 attackplan's ghost, amateur HOFi


Message History

Attackplan's ghost is almost destroyed.
You are feeling hungry.
Attackplan's ghost screams, "I was like you once."
Attackplan's ghost hits you but does no damage.
You hit attackplan's ghost.
Attackplan's ghost is almost destroyed.
You block attackplan's ghost's attack.
You barely miss attackplan's ghost.
Attackplan's ghost is almost destroyed.
Attackplan's ghost hits you!
* * * LOW HITPOINT WARNING * * *
Attackplan's ghost hits you.
* * * LOW HITPOINT WARNING * * *
You closely miss attackplan's ghost.
Attackplan's ghost is almost destroyed.
Attackplan's ghost hits you but does no damage.
You hit attackplan's ghost but do no damage.
Attackplan's ghost is almost destroyed.
Attackplan's ghost hits you.
You die...

##.#####)# #.. ...# #.#
#.# #. #.# #)# #.# #)#
#.# #.#### #.#
#.####.#...
####.#####.......(#
#..............>.###.#
..##.#######....W....#
####.#######....@######
#.<................#
##########.#...###.#
##....# ### ##..##
###### ♣....♣ .....#
♣...♣♣ ####.# ♣♣.♣♣ #.#
♣)♣♣


You could see attackplan's ghost.

Vanquished Creatures
  Sigmund (D:3)
  A sky beast (D:3)
  Crazy Yiuf (D:3)
  Terence (D:2)
  2 orc wizards (D:3)
  Robin (D:3)
  4 gnolls
  5 adders
  2 worms
  3 giant geckos
  7 orcs (D:3)
  A ball python (D:2)
  7 bats
  3 giant cockroaches (D:2)
  12 hobgoblins
  3 jackals (D:3)
  7 kobolds
  4 giant newts
  12 goblins
  4 rats
81 creatures vanquished.

Notes
Turn   | Place    | Note
--------------------------------------------------------------
     0 | D:1      | Urist the Hill Orc Fighter began the quest for the Orb.
     0 | D:1      | Reached XP level 1. HP: 19/19 MP: 1/1
   178 | D:1      | Reached XP level 2. HP: 24/27 MP: 2/2
   743 | D:1      | Reached skill level 4 in Fighting
   743 | D:1      | Reached XP level 3. HP: 33/33 MP: 3/3
  1129 | D:2      | Reached XP level 4. HP: 27/40 MP: 4/4
  1355 | D:2      | Noticed Terence
  1370 | D:2      | Killed Terence
  1425 | D:2      | Reached skill level 1 in Dodging
  1435 | D:2      | Reached XP level 5. HP: 13/46 MP: 5/5
  1642 | D:3      | Noticed a sky beast
  1661 | D:3      | Killed a sky beast
  1661 | D:3      | Reached XP level 6. HP: 23/53 MP: 6/6
  1856 | D:3      | Noticed Sigmund
  1866 | D:3      | Killed Sigmund
  1866 | D:3      | Reached skill level 5 in Axes
  1866 | D:3      | Reached skill level 5 in Shields
  1888 | D:3      | Reached XP level 7. HP: 24/60 MP: 7/7
  2079 | D:3      | Noticed Robin
  2085 | D:3      | Noticed attackplan's ghost (amateur HOFi)
  2284 | D:3      | Noticed Crazy Yiuf
  2290 | D:3      | Killed Crazy Yiuf
  2341 | D:3      | Killed Robin
  2391 | D:3      | HP: 2/60 [attackplan's ghost (2)]
  2393 | D:3      | Slain by attackplan's ghost

Action                   |  1- 3 |  4- 6 |  7- 9 || total
-------------------------+-------+-------+-------++-------
Melee: War axe           |    98 |   111 |    91 ||   300
  Use: Potion            |     1 |     3 |       ||     4
       Scroll            |       |     4 |     3 ||     7
  Eat: Chunk             |       |     1 |       ||     1
       Bread ration      |       |     1 |       ||     1
